 Dungeon Crawl Stone Soup version 0.17.1-1-g73c8601 (webtiles) character file.

196 zercules the Skirmisher (level 5, -4/48 HPs)
             Began as a Hill Orc Fighter on Dec 27, 2015.
             Was an Initiate of Beogh.
             Killed by nerve-wracking pain
             ... invoked by an orc priest
              (13 damage)
             ... on level 4 of the Dungeon.
             The game lasted 00:08:34 (1345 turns).

zercules the Skirmisher (Hill Orc Fighter)          Turns: 1345, Time: 00:08:34

Health: -4/48      AC:  7    Str: 19    XL:     5   Next: 74%
Magic:  6/6        EV:  7    Int:  9    God:    Beogh [......]
Gold:   71         SH:  9    Dex: 10    Spells: 0 memorised, 4 levels left

rFire  . . .     SeeInvis .     a - +0 flail
rCold  . . .     Clarity  .     b - +0 scale mail
rNeg   . . .     SustAt   .     c - +0 shield
rPois  .         Gourm    .     (no helmet)
rElec  .         Spirit   .     (no cloak)
rCorr  .         Warding  .     (no gloves)
rMut   .         Stasis   .     (no boots)
MR     .....                    (no amulet)
Stlth  ..........               (no ring)
                                (no ring)

@: not resistant to hostile enchantments, extremely unstealthy
A: no striking features
a: Renounce Religion


You were on level 4 of the Dungeon.
You worshipped Beogh.
Beogh was noncommittal.
You were not hungry.

You visited 1 branch of the dungeon, and saw 4 of its levels.

You collected 71 gold pieces.

Inventory:

Hand Weapons
 a - a +0 flail (weapon)
Armour
 b - a +0 scale mail (worn)
 c - a +0 shield (worn)
 i - a cursed +0 leather armour
Rods
 p - a +0 rod of clouds (5/11)
   (You found it on level 4 of the Dungeon)
Scrolls
 f - a scroll of enchant armour {unknown}
 j - a scroll of recharging {unknown}
 k - a scroll of fog {unknown}
 l - a scroll of fear {unknown}
 m - a scroll of remove curse {unknown}
 n - a scroll of amnesia {unknown}
 o - a scroll of teleportation {unknown}
Potions
 d - a potion of might
 g - a potion of invisibility
 h - a potion of flight {unknown}
Comestibles
 e - 2 bread rations


   Skills:
 + Level 5.1 Fighting
 - Level 2.3 Maces & Flails
 - Level 3.6 Armour
 - Level 0.4 Dodging
 + Level 4.6 Shields
 + Level 2.4 Evocations


You had 4 spell levels left.
You didn't know any spells.

Dungeon Overview and Level Annotations

Branches:
Dungeon (4/15)
 Temple: D:4-7

Altars:


Message History

An orc priest comes into view. It is wielding a club.
The orc priest invokes the aid of Beogh against you.
Something smites you!
* * * LOW HITPOINT WARNING * * *
The orc priest is engulfed in noxious fumes.
The orc priest appears confused.
The orc priest hits the orc wizard with a dagger.
The orc wizard is engulfed in noxious fumes.
The orc priest is engulfed in noxious fumes.
The orc priest appears confused.
The orc priest hits the orc priest with a dagger.
The orc wizard is engulfed in noxious fumes.
The orc priest is engulfed in noxious fumes.
The orc priest appears confused.
The orc wizard closely misses something.
The orc priest hits you but does no damage.
The orc priest mumbles some strange prayers to Beogh against you.
Pain shoots through your body!
You die...
Beogh appreciates the orc priest's killing of a heretic priest.

.............###
...............#
.............#.####.#
####.^.#######....o.#
#...# #.o###.# #...# #..#
.# #...# #oo###.## #...#
#o.##...# #...#
#..@....####
#####.#########.........#
............# #########.#
#..##.##.###.#
.........### ....#......#
.....)...#.#
.....)...#.#.
......#.....#


You could see 2 orc priests, an orc wizard (confused) and an orc.

Vanquished Creatures
  2 hounds (D:4)
  A worker ant (D:4)
  2 iguanas (D:4)
  An orc wizard (D:4)
  A hound skeleton (D:4)
  An adder (D:2)
  A giant gecko (D:2)
  An orc (D:4)
  A ball python (D:2)
  2 bats (D:2)
  A giant cockroach (D:2)
  3 hobgoblins (D:2)
  2 kobolds
  A quokka (D:3)
  2 giant newts
  A goblin (D:1)
  A jackal skeleton (D:4)
  4 rats
28 creatures vanquished.

Vanquished Creatures (others)
  5 orcs (D:4)
5 creatures vanquished.

Grand Total: 33 creatures vanquished

Notes
Turn   | Place    | Note
--------------------------------------------------------------
     0 | D:1      | zercules the Hill Orc Fighter began the quest for the Orb.
     0 | D:1      | Reached XP level 1. HP: 19/19 MP: 1/1
   174 | D:2      | Reached XP level 2. HP: 20/27 MP: 2/2
   347 | D:2      | Reached skill level 4 in Fighting
   412 | D:2      | Reached XP level 3. HP: 33/33 MP: 3/3
   565 | D:4      | Identified a +0 rod of clouds (11/11) (You found it on level 4 of the Dungeon)
   585 | D:4      | Reached skill level 1 in Evocations
   798 | D:4      | Reached XP level 4. HP: 32/41 MP: 4/4
   896 | D:4      | Reached XP level 5. HP: 47/47 MP: 6/6
   925 | D:4      | Became a worshipper of Beogh the Brigand
   957 | D:4      | Reached skill level 5 in Fighting
  1345 | D:4      | Killed from afar by an orc priest

Action                   |  1- 3 |  4- 6 || total
-------------------------+-------+-------++-------
Melee: Flail             |    71 |    44 ||   115
Invok: Convert to Beogh  |       |     1 ||     1
Evoke: Rod               |       |     2 ||     2
  Use: Scroll            |     3 |       ||     3
       Potion            |     1 |     1 ||     2
  Eat: Bread ration      |       |     1 ||     1
